 Dungeon Crawl Stone Soup version 0.31-a0-175-g9f7f995f2b (webtiles) character file.

Game seed: 9589638305016308578

140 qw the Shooter (level 5, -4/32 HPs)
             Began as a Gargoyle Hunter on June 16, 2023.
             Killed from afar by an orc wizard (9 damage)
             ... with a magic dart
             ... on level 2 of the Dungeon.
             The game lasted 00:00:46 (1492 turns).

qw the Shooter (Gargoyle Hunter)                    Turns: 1492, Time: 00:00:46

Health: -4/32      AC: 10    Str: 14    XL:     5   Next: 23%
Magic:  5/5        EV: 10    Int: 10    God:
Gold:   131        SH:  0    Dex: 15    Spells: 4/4 levels left

rFire   . . .        Y - +0 shortbow
rCold   . . .        (shield currently unavailable)
rNeg    + . .        g - +0 ring mail
rPois   inf          (no helmet)
rElec   +            (no cloak)
rCorr   .            f - +0 pair of gloves
SInv    .            (no boots)
Will    .....        (no amulet) Stlth
                     (no ring)
HPRegen 0.25/turn    (no ring)
MPRegen 0.09/turn

%: no passive effects
@: confused
A: sickness immunity, AC +4, negative energy resistance 1, electricity
resistance, torment resistance 1, petrification resistance
a: no special abilities


You were on level 2 of the Dungeon.
You visited 1 branch of the dungeon, and saw 3 of its levels.

You collected 131 gold pieces.


Innate Abilities, Weirdness & Mutations

You are immune to sickness and miasma.
Your stone body is resilient. (AC +4)
You are immune to poison.
You resist negative energy. (rN+)
You are resistant to electric shocks. (rElec)
You are resistant to unholy torment.
You are immune to petrification.


   Skills:
 - Level 3.2 Fighting
 + Level 5.8 Ranged Weapons
 - Level 1.0 Armour
 - Level 1.5 Dodging
 - Level 1.1 Stealth


You had 4 spell levels left.
You didn't know any spells.
Your spell library was empty.

Inventory:

Hand Weapons
 Y - a +0 shortbow (weapon)
Armour
 f - a +0 pair of gloves (worn)
 g - a +0 ring mail (worn)
Potions
 a - a potion of curing
 b - a potion of heal wounds
 h - a potion of attraction
 i - a potion of invisibility {unknown}

Dungeon Overview and Level Annotations

Branches:
Dungeon (3/15)

Altars:


Message History

The orc wizard closely misses you.
You shoot an arrow. The arrow hits the orc wizard.
The orc wizard is almost dead.
The orc wizard gestures at you while chanting.
The magic dart hits you!
You shoot an arrow.
The arrow hits the orc wizard but does no damage.
The orc wizard is almost dead.
The orc wizard casts a spell.
The orc wizard flickers and vanishes!
Deactivating autopickup; reactivate with Ctrl-A.
You shoot an arrow. Something hits you but does no damage.
You shoot an arrow. Something hits you but does no damage.
You shoot an arrow.
You hear some strange, mumbled words.
A puff of flame appears from out of thin air!
The puff of flame hits you. Something hits you but does no damage.
You shoot an arrow. Something hits you.
You shoot an arrow. Something hits you but does no damage.
You shoot an arrow.
You hear some strange, mumbled words.
A magic dart appears from out of thin air!
The magic dart hits you!
You shoot an arrow. Something hits you but does no damage.
You shoot an arrow. Something hits you but does no damage.
You hear some strange, mumbled words.
You are confused.
You shoot an arrow. Something hits you but does no damage.
You shoot an arrow.
You hear some strange, mumbled words.
A magic dart appears from out of thin air!
The magic dart hits you!
You die...

?# #.##### #.###.##.### .# #.#
##.###.##.### .# #.#
#............ .#####.#
######..###.##.##. .......#
####...#...###.##.##. ##...###
#........#.....##.... #...#
#.##.......######.##. #...#
#.###.#.#### #.... #...#
##.##@.#.#########..## #...#
#....{.#........##..##
##...#######..##..#........##....
...........#...............###.##
...............#.).........# #.#
...........#.#.#..##.......###.##
.#...#.#####.#.#..##.......##....
.#...#.# #......##.......##..##
.#...#.# ###..#.###########....


There were no monsters in sight!

Vanquished Creatures
  Natasha (thrice) (D:2)
  An adder (D:2)
  A worm (D:2)
  4 dart slugs
  4 endoplasms
  A giant cockroach (D:2)
  6 goblins
  4 hobgoblins
  2 jackals (D:2)
  2 kobolds
  3 quokkas (D:2)
  3 ball pythons (D:1)
  2 bats
  2 frilled lizards (D:1)
  10 rats
48 creatures vanquished.

Notes
Turn   | Place    | Note
-------+----------+-------------------------------------------
     0 | D:1      | qw the Gargoyle Hunter began the quest for the Orb.
     0 | D:1      | Reached XP level 1. HP: 12/12 MP: 1/1
     0 | D:1      | 0 ||| qw: Version: 0.2-a-29-g511e9b1
     0 | D:1      | 0 ||| qw: Game counter: 5838
     0 | D:1      | 0 ||| qw: Always use a shield: true
     0 | D:1      | 0 ||| qw: God list: Okawaru
     0 | D:1      | 0 ||| qw: Allow faded altars: false
     0 | D:1      | 0 ||| qw: Do Orc after D:15 true
     0 | D:1      | 0 ||| qw: Do second Lair branch before Depths: true
     0 | D:1      | 0 ||| qw: Lair rune preference: random
     0 | D:1      | 0 ||| qw: Plans: Normal, Zot:1-4, Slime:5, God:TSO, Crypt,
                  | Tomb, Abyss, Pan, Hells, Win
     0 | D:1      | 0 ||| PLANNING D:1-11
   153 | D:1      | Reached XP level 2. HP: 13/17 MP: 2/2
   227 | D:1      | Found a faded altar of an unknown god.
   623 | D:1      | 623 ||| UPGRADING to +0 pair of gloves.
   628 | D:1      | 628 ||| UPGRADING to +0 ring mail.
   638 | D:1      | 638 ||| DROPPING +0 leather armour.
   639 | D:1      | 639 ||| READING 2 scrolls labelled HAUWNA KULOOSCH.
   640 | D:1      | 640 ||| READING scroll labelled NEMADAASHA.
   641 | D:1      | 641 ||| DRINKING 2 sedimented grey potions.
   642 | D:1      | 642 ||| DROPPING scroll of fog.
   643 | D:1      | 643 ||| DROPPING scroll of butterflies.
   673 | D:2      | Reached XP level 3. HP: 21/21 MP: 3/3
   782 | D:2      | Reached skill level 1 in Armour
   837 | D:2      | Reached skill level 5 in Ranged Weapons
   972 | D:2      | Noticed Natasha
   979 | D:2      | HP: 3/22 [Natasha (8)]
   980 | D:2      | 980 ||| DRINKING potion of heal wounds.
   981 | D:2      | Killed Natasha
   982 | D:2      | Reached skill level 3 in Fighting
   982 | D:2      | Reached XP level 4. HP: 28/28 MP: 4/4
  1100 | D:2      | Noticed Natasha
  1112 | D:2      | Killed Natasha
  1160 | D:2      | Noticed Natasha
  1161 | D:2      | 1161 ||| FLEEEEING.
  1162 | D:2      | 1162 ||| FLEEEEING.
  1164 | D:2      | 1164 ||| STAIRDANCE
  1189 | D:2      | HP: 7/28 [Natasha (6)]
  1193 | D:2      | Killed Natasha
  1194 | D:2      | Reached XP level 5. HP: 10/32 MP: 5/5
  1440 | D:2      | 1440 ||| DRINKING 2 dark potions.
  1474 | D:3      | 1474 ||| PLANNING SEWER
  1478 | D:3      | 1478 ||| STAIRDANCE
  1488 | D:2      | HP: 3/32 [something/magic dart (9)]
  1492 | D:2      | Killed from afar by an orc wizard

Levels and vault maps discovered:
D:1:      moated_graveyard_arrival, layout_basic, basic_ecumenical_altar,
          serial_curves, eino_curves_02, eino_curves_03, eino_curves_02,
          eino_curves_04
D:2:      layout_loops_cross, uniq_natasha
D:3:      layout_basic, gup_sewer_entry_bowl, serial_shops,
          nicolae_shop_tiny_real_fake_doors, uniq_ijyb

Skill      XL: |  1  2  3 |
---------------+----------+-----
Armour         | 1 |  1.0
Ranged Weapons | 5 |  5.8
Fighting       | 3 |  3.2
Dodging        | |  1.5
Stealth        | |  1.1

Action                     |  1- 3 |  4- 6 || total
---------------------------+-------+-------++-------
   Fire: Shortbow          |   106 |    84 ||   190
    Use: Scroll            |     2 |       ||     2
         Potion            |     2 |     1 ||     3
 Armour: Leather armour    |     3 |       ||     3
         Ring mail         |     8 |    39 ||    47
  Dodge: Dodged            |    26 |    30 ||    56

Table legend:
 A = Non-vault XP
 B = Vault XP
 C = Vault XP percentage of total XP
 D = Non-vault monster count
 E = Vault monster count
 F = Vault count percentage of total count
                 A         B        C        D         E       F
            +---------+---------+-------+---------+---------+-------
      Total |     166 |      35 |  17.4 |      47 |       1 |   2.1
            +---------+---------+-------+---------+---------+-------
        D:1 |      31 |       0 |   0.0 |      20 |       0 |   0.0
        D:2 |     135 |      35 |  20.6 |      27 |       1 |   3.6
            +---------+---------+-------+---------+---------+-------
